 Dungeon Crawl Stone Soup version 0.20.1-1-g8b1a95d (webtiles) character file.

108 tognito the Skirmisher (level 4, -3/45 HPs)
             Began as a Minotaur Berserker on Aug 28, 2017.
             Was a Believer of Trog.
             Killed by divine providence
             ... invoked by an orc priest
              (9 damage)
             ... on level 3 of the Dungeon.
             The game lasted 00:02:51 (1041 turns).

tognito the Skirmisher (Minotaur Berserker)         Turns: 1041, Time: 00:02:51

Health: -3/45      AC:  8    Str: 23    XL:     4   Next: 58%
Magic:  3/3        EV:  8    Int:  4    God:    Trog [**....]
Gold:   144        SH:  0    Dex:  9    Spells: 3/3 levels left

rFire    . . .     SeeInvis .   a - +0 hand axe
rCold    . . .     Gourm    .   (no shield)
rNeg     . . .     Faith    .   h - +0 chain mail
rPois    .         Spirit   .   (helmet restricted)
rElec    .         Reflect  .   (no cloak)
rCorr    .         Harm     .   (no gloves)
MR       .....                  (no boots)
Stlth    ..........             (no amulet)
Regen    0.2/turn               (no ring)
MPRegen  0.1/turn               (no ring)

@: lethally poisoned (-3 -> -5), berserk cooldown, slowed, very slow
A: retaliatory headbutt, horns 2
a: Berserk, Trog's Hand, Burn Spellbooks, Renounce Religion


You were on level 3 of the Dungeon.
You worshipped Trog.
Trog was pleased with you.
You were very hungry.

You visited 1 branch of the dungeon, and saw 3 of its levels.

You collected 144 gold pieces.

Inventory:

Hand Weapons
 a - a +0 hand axe (weapon)
Missiles
 j - 21 arrows
Armour
 h - a +0 chain mail (worn)
Scrolls
 d - a scroll of remove curse {unknown}
 e - a scroll of fog {unknown}
 f - 3 scrolls of identify {unknown}
 g - a scroll of magic mapping {unknown}
Comestibles
 b - 4 fruits
 c - 3 bread rations
 i - a meat ration


   Skills:
 + Level 6.3 Fighting
 - Level 3.6 Axes
 - Level 2.4 Armour
 - Level 2.1 Dodging
 + Level 0.8 Stealth


You had 3 spell levels left.
You didn't know any spells.

Dungeon Overview and Level Annotations

Branches:
Dungeon (3/15)

Altars:


Innate Abilities, Weirdness & Mutations

You reflexively headbutt those who attack you in melee.
You have a pair of horns on your head.


Message History

The adder bites you but does no damage.
You hit the adder but do no damage.
The adder is almost dead.
You feel sick.
You are no longer poisoned.
The adder bites you but does no damage. The adder bites you.
* * * LOW HITPOINT WARNING * * *
You are poisoned.
The adder poisons you!
You aren't carrying any potions.
You hit the adder.
The adder is almost dead.
You feel sick. The adder bites you but does no damage.
The adder barely misses you.
You hit the adder but do no damage.
The adder is almost dead.
The adder bites you but does no damage. The adder barely misses you.
The orc priest calls down the wrath of Beogh upon you.
Beogh smites you!
You die...

#.......##
###........#
#...........##
#.....####...#
#..........#.#
#.....######.##
........ #).#
.....[.. ##.##
....... #S@#
#..oo#.#
#....#..
......##.#
...... .#
...... ..
...... ..# ...


You could see an orc priest, an adder and an orc.

Vanquished Creatures
  An orc priest (D:3)
  2 adders (D:2)
  An ooze (D:3)
  2 dart slugs (D:1)
  2 leopard geckos
  8 orcs (D:3)
  A giant cockroach (D:1)
  2 goblins (D:2)
  A hobgoblin (D:1)
  3 jackals (D:3)
  4 kobolds
  2 ball pythons (D:2)
  4 bats
  4 frilled lizards
  A quokka zombie (D:3)
  5 rats
43 creatures vanquished.

Notes
Turn   | Place    | Note
-------+----------+-------------------------------------------
     0 | D:1      | tognito the Minotaur Berserker began the quest for the Orb.
     0 | D:1      | Reached XP level 1. HP: 19/19 MP: 0/0
    61 | D:1      | Reached skill level 4 in Fighting
   108 | D:1      | Reached XP level 2. HP: 26/27 MP: 1/1
   744 | D:2      | Reached skill level 5 in Fighting
   744 | D:2      | Reached XP level 3. HP: 34/36 MP: 2/2
   779 | D:2      | Reached ** piety under Trog
  1023 | D:3      | Reached XP level 4. HP: 23/44 MP: 3/3
  1028 | D:3      | Reached skill level 6 in Fighting
  1041 | D:3      | Killed from afar by an orc priest

Skill      XL: |  1  2  3  4 |
---------------+-------------+-----
Fighting       | 4 5 6 |  6.3
Axes           | |  3.6
Armour         | |  2.4
Dodging        | |  2.1
Stealth        | |  0.8

Action                   |  1- 3 |  4- 6 || total
-------------------------+-------+-------++-------
Melee: Hand axe          |    74 |    17 ||    91
       Headbutt          |     9 |     3 ||    12
Invok: Berserk           |     1 |       ||     1
  Use: Potion            |     5 |       ||     5
Armor: Chain mail        |    44 |    16 ||    60
Dodge: Dodged            |    40 |     7 ||    47
